 Dungeon Crawl Stone Soup version 0.27.1-3-gb3d3a73c9e (webtiles) character file.

Game seed: 15368215497340152292

161 MisterFreud the Skirmisher (level 5, -5/50 HPs)
             Began as a Minotaur Abyssal Knight on Oct 13, 2021.
             Was a Believer of Lugonu.
             Slain by a gnoll (10 damage)
             ... on level 1 of the Dungeon.
             The game lasted 00:02:25 (2170 turns).

MisterFreud the Skirmisher (MiAK)                   Turns: 2170, Time: 00:02:25

Health: -5/50      AC:  4    Str: 17    XL:     5   Next: 19%
Magic:  0/5        EV: 11    Int:  9    God:    Lugonu [**....]
Gold:   88         SH:  4    Dex: 10    Spells: 4/4 levels left

rFire    . . .     SeeInvis .   a - +1 falchion
rCold    . . .     Faith    .   i - +0 buckler
rNeg     . . .     Spirit   +   b - +0 leather armour
rPois    .         Reflect  .   (helmet restricted)
rElec    .         Harm     .   (no cloak)
rCorr    .         Rampage  .   e - +0 pair of gloves
Will     .....                  (no boots)
Stlth    +.........             j - amulet of guardian spirit
HPRegen  0.16/turn              (no ring)
MPRegen  0.09/turn              (no ring)

@: no status effects
A: horns 2, retaliatory headbutt
a: Renounce Religion, Depart the Abyss, Bend Space


You were on level 1 of the Dungeon.
You worshipped Lugonu.
Lugonu was pleased with you.
You visited 1 branch of the dungeon, and saw 3 of its levels.
You visited the Abyss 1 time.

You collected 88 gold pieces.

Inventory:

Hand Weapons
 a - a +1 falchion (weapon)
Armour
 b - a +0 leather armour (worn)
 e - a +0 pair of gloves (worn)
 i - a +0 buckler (worn)
Jewellery
 j - an amulet of guardian spirit (around neck)
Scrolls
 f - a scroll of enchant weapon {unknown}
 h - 4 scrolls of identify {unknown}
Potions
 c - a potion of brilliance {unknown}
 d - a potion of cancellation {unknown}
 g - a potion of lignification {unknown}


   Skills:
 + Level 5.9 Fighting
 - Level 2.9 Long Blades
 - Level 2.6 Armour
 - Level 1.1 Dodging
 + Level 3.2 Shields
 - Level 1.7 Invocations


You had 4 spell levels left.
You didn't know any spells.
Your spell library was empty.

Dungeon Overview and Level Annotations

Branches:
Dungeon (3/15)

Altars:


Innate Abilities, Weirdness & Mutations

You have a pair of horns on your head.
You reflexively headbutt those who attack you in melee.


Message History

The adder is almost dead.
You block the adder's attack. The adder closely misses you.
You furiously retaliate!
You headbutt the adder.
You kill the adder!
Lugonu accepts your kill. You block the gnoll's attack.
You hit the gnoll but do no damage. The gnoll barely misses you.
You hit the gnoll but do no damage. The gnoll barely misses you.
The gnoll hits you with a +0 flail.
You hit the gnoll but do no damage. You block the gnoll's attack.
You slash the gnoll!
The gnoll is severely wounded.
The gnoll hits you from afar with a +0 spear.
The gnoll barely misses you.
You hit the gnoll but do no damage. Your headbutt misses the gnoll.
The gnoll is severely wounded.
The gnoll hits you but does no damage. The gnoll hits you with a +0 flail!
You hit the gnoll but do no damage.
You headbutt the gnoll, but do no damage.
The gnoll is severely wounded.
The gnoll misses you. The gnoll hits you with a +0 flail.
You hit the gnoll.
The gnoll is almost dead.
The gnoll hits you from afar with a +0 spear.
The gnoll hits you with a +0 flail!
* * * LOW HITPOINT WARNING * * *
The gnoll hits you from afar with a +0 spear.
* * * LOW HITPOINT WARNING * * *
Things that are here:
4 stones; a +0 whip
There is an escape hatch in the ceiling here.
The gnoll hits you from afar with a +0 spear!
* * * LOW HITPOINT WARNING * * *
A mysterious force pulls you upwards. The hatch slams shut behind you.
There is an open door here.
You hit the gnoll but do no damage.
You headbutt the gnoll, but do no damage.
The gnoll is severely wounded.
The gnoll hits you with a +0 flail!
You die...

♣ #...........#.##...###.# ♣
######.######.###.###.P### #
#.# #.# #.##...PP## # #.#
#.# #.#..P♣P..# ##'# #.#
#.#.P♣♣P..# #..# #.#
#.#.P♣♣♣.## ♣♣ ##.## #.#
#.#P..P.P# .P♣♣###..# #g#
#...P...##
♣......########@###.♣♣♣P..#
.P♣♣.................♣♣♣♣..#
PP ♣.#.##........#...P♣....#
. #.#.##.########...P♣PP..#
♣♣##.#.##.# ##......#.#
.....#.##.# ##.......#
#....#.##.# #########
####.#.##.# #....#.#


You could see a gnoll.

Vanquished Creatures
  A necrophage (D:3)
  A gnoll (D:3)
  2 adders (D:2)
  3 dart slugs
  3 orcs (D:2)
  4 endoplasms
  2 giant cockroaches (D:2)
  3 goblins
  3 hobgoblins
  6 jackals (D:2)
  2 quokkas
  A ball python (D:1)
  2 bats
  2 frilled lizards
  A kobold (D:2)
  5 rats
41 creatures vanquished.

Vanquished Creatures (others)
  A plant (D:1)
1 creature vanquished.

Grand Total: 42 creatures vanquished

Notes
Turn   | Place    | Note
-------+----------+-------------------------------------------
     0 | Abyss:1  | MisterFreud the Minotaur Abyssal Knight began the quest for
                  | the Orb.
     0 | Abyss:1  | Reached XP level 1. HP: 19/19 MP: 1/1
    10 | Abyss:1  | Found a corrupted altar of Lugonu.
   138 | Abyss:1  | Noticed a will-o-the-wisp
   139 | D:1      | Escaped the Abyss
   214 | D:1      | Found a faded altar of an unknown god.
   502 | D:1      | Reached * piety under Lugonu
   777 | D:1      | Reached XP level 2. HP: 18/27 MP: 2/2
   919 | D:1      | Reached skill level 4 in Fighting
  1452 | D:2      | Reached XP level 3. HP: 19/34 MP: 3/3
  1578 | D:2      | Reached skill level 1 in Shields
  1587 | D:2      | Reached skill level 5 in Fighting
  1884 | D:3      | Noticed a necrophage
  1898 | D:3      | Killed a necrophage
  1899 | D:3      | Reached XP level 4. HP: 22/44 MP: 4/4
  1899 | D:3      | Reached XP level 5. HP: 25/50 MP: 5/5
  2076 | D:3      | Reached ** piety under Lugonu
  2154 | D:2      | HP: 2/50 [gnoll (6)]
  2170 | D:1      | Slain by a gnoll

Illustrated notes

Levels and vault maps discovered:
D:1:      shiori_shiawase, layout_loops_ring, chequers_ecumenical_altar_twisty,
          serial_forest, infiniplex_forest_end_2, infiniplex_forest_pool,
          infiniplex_forest_straight_2, infiniplex_forest_straight_1,
          infiniplex_forest_clump_double, infiniplex_forest_clump_tiny,
          infiniplex_forest_clump_tiny, infiniplex_forest_end_2,
          infiniplex_forest_clump_small
D:2:      layout_rooms, hangedman_abyss_or_decor_stabs
D:3:      layout_basic, kiku_gazebo_pond_becter, serial_shops, shop

Skill      XL: |  1  2  3 |
---------------+----------+-----
Fighting       | 4 5 |  5.9
Shields        | 3 |  3.2
Long Blades    | |  2.9
Armour         | |  2.6
Dodging        | |  1.1
Invocations    | |  1.7

Action                   |  1- 3 |  4- 6 || total
-------------------------+-------+-------++-------
Melee: Falchion          |    81 |    14 ||    95
       Headbutt          |    11 |     5 ||    16
Invok: Depart the Abyss  |     1 |       ||     1
Armor: Leather armour    |    20 |     8 ||    28
Dodge: Dodged            |    41 |     8 ||    49
Block: Buckler           |     6 |     4 ||    10
       Rpst.: Falchion   |    12 |     2 ||    14
